 Dungeon Crawl Stone Soup version 0.30-a0-702-gdf48620a09 (webtiles) character file.

Game seed: 16642252503195949227

478 Dartaoz the Skirmisher (level 6, 0/50 HPs)
             Began as a Minotaur Hunter on Jan 21, 2023.
             Slain by a steam dragon (3 damage)
             ... on level 4 of the Dungeon.
             The game lasted 00:04:07 (2416 turns).

Dartaoz the Skirmisher (Minotaur Hunter)            Turns: 2416, Time: 00:04:07

Health: 0/50       AC:  6    Str: 16    XL:     6   Next: 85%
Magic:  5/5        EV: 12    Int:  6    God:
Gold:   174        SH:  0    Dex: 15    Spells: 5/5 levels left

rFire   . . .      SeeInvis .    a - +0 shortbow
rCold   . . .      Faith    .    (shield currently unavailable)
rNeg    . . .      Spirit   .    j - +3 leather armour
rPois   +          Reflect  .    (helmet restricted)
rElec   .          Harm     .    (no cloak)
rCorr   .          Rampage  .    (no gloves)
Will    .....                    (no boots)
Stlth   +                        (no amulet)
HPRegen 0.28/turn                o - ring of poison resistance
MPRegen 0.09/turn                (no ring)

@: no status effects
A: horns 2, retaliatory headbutt
a: no special abilities


You were on level 4 of the Dungeon.
You visited 1 branch of the dungeon, and saw 4 of its levels.

You collected 174 gold pieces.

Inventory:

Hand Weapons
 a - a +0 shortbow (weapon)
Armour
 c - a +0 leather armour
 j - a +3 leather armour (worn)
Jewellery
 o - a ring of poison resistance (left hand)
Wands
 l - a wand of digging (3)
 q - a wand of polymorph (13)
Scrolls
 b - a scroll of immolation
 d - 2 scrolls of teleportation {unknown}
 e - 2 scrolls of vulnerability {unknown}
 h - a scroll of poison {unknown}
 i - 2 scrolls of enchant weapon {unknown}
 k - 2 scrolls of blinking {unknown}
 m - 2 scrolls of identify {unknown}
 p - a scroll of brand weapon {unknown}
Potions
 f - 3 potions of mutation {unknown}
 g - 3 potions of curing {unknown}
 n - a potion of ambrosia {unknown}
 r - a potion of haste {unknown}


   Skills:
 + Level 2.4 Fighting
 + Level 9.1 Ranged Weapons
 + Level 0.0 Armour
 + Level 2.2 Dodging
 - Level 0.7 Stealth


You had 5 spell levels left.
You didn't know any spells.
Your spell library contained the following spells:

 Spells                   Type           Power      Damage    Failure   Level
 Blink                    Tloc           0%         N/A       67%         2
 Lesser Beckoning         Tloc           0%         N/A       67%         2
 Momentum Strike          Conj/Tloc      0%         3d8       67%         2
 Inner Flame              Hex/Fire       0%         N/A       88%         3
 Cause Fear               Hex            0%         N/A       99%         4
 Discord                  Hex            0%         N/A       100%        8


Dungeon Overview and Level Annotations

Branches:
Dungeon (4/15)
 Temple: D:4-7

Altars:
Zin

Shops:
D:2 [


Innate Abilities, Weirdness & Mutations

You have a pair of horns on your head.
You reflexively headbutt those who attack you in melee.


Message History

No target in view!
You shoot an arrow.
The arrow hits the steam dragon but does no damage.
The steam dragon is lightly wounded.
You shoot an arrow.
The arrow closely misses the steam dragon.
The steam dragon breathes steam at you. The ball of steam misses you.
No target in view!
No target in view!
You shoot an arrow. The arrow hits the steam dragon.
The steam dragon is lightly wounded.
You shoot an arrow. The arrow hits the steam dragon.
The steam dragon is moderately wounded.
The steam dragon bites you.
The steam dragon claws you but does no damage.
You shoot an arrow. The arrow hits the steam dragon!
The steam dragon is severely wounded.
The steam dragon bites you but does no damage.
The steam dragon barely misses you.
You shoot an arrow.
The arrow barely misses the steam dragon.
The steam dragon breathes steam at you. The ball of steam hits you!
You are too injured to fight recklessly!
You are too injured to fight recklessly!
You shoot an arrow.
The arrow hits the steam dragon but does no damage.
The steam dragon is severely wounded.
You are engulfed in a cloud of scalding steam.
* * * LOW HITPOINT WARNING * * *
The steam dragon bites you.
* * * LOW HITPOINT WARNING * * *
The steam dragon barely misses you.
You shoot an arrow. The arrow hits the steam dragon.
The steam dragon is severely wounded.
You are engulfed in a cloud of scalding steam.
* * * LOW HITPOINT WARNING * * *
The steam dragon bites you.
You die...

....
#.D#
#..#
#.§##
#...
#l#####
#..§.l#
#####D#
#@# #§#
#§# #.#
#.# #.#
#.# #.#
#.#


You could see a steam dragon and an iguana.

Vanquished Creatures
  Sigmund (D:3)
  A phantom (D:4)
  A scorpion (D:4)
  2 hounds (D:4)
  Ijyb (D:3)
  4 adders
  A worm (D:2)
  A dart slug (D:4)
  4 bats
  4 endoplasms
  2 giant cockroaches
  9 goblins
  4 hobgoblins
  6 jackals
  6 kobolds
  A quokka (D:2)
  9 ball pythons
  2 frilled lizards (D:1)
  7 rats
66 creatures vanquished.

Notes
Turn   | Place    | Note
-------+----------+-------------------------------------------
     0 | D:1      | Dartaoz the Minotaur Hunter began the quest for the Orb.
     0 | D:1      | Reached XP level 1. HP: 18/18 MP: 0/0
   106 | D:1      | Reached XP level 2. HP: 25/25 MP: 1/1
   144 | D:1      | Reached skill level 5 in Ranged Weapons
   674 | D:2      | Reached XP level 3. HP: 12/30 MP: 2/2
  1019 | D:2      | Reached skill level 6 in Ranged Weapons
  1225 | D:2      | Found Hitrenori's Antique Armour Shoppe.
  1426 | D:3      | Noticed Ijyb
  1441 | D:3      | Killed Ijyb
  1442 | D:3      | Reached XP level 4. HP: 23/37 MP: 3/3
  1643 | D:3      | Found a glowing silver altar of Zin.
  1690 | D:3      | Found a faded altar of an unknown god.
  1949 | D:3      | Noticed Sigmund
  1965 | D:3      | HP: 1/37 [something (3)]
  1966 | D:3      | Killed Sigmund
  1967 | D:3      | Reached skill level 8 in Ranged Weapons
  1967 | D:3      | Reached XP level 5. HP: 2/42 MP: 4/4
  1967 | D:3      | Reached XP level 6. HP: 3/50 MP: 5/5
  2333 | D:4      | Reached skill level 9 in Ranged Weapons
  2401 | D:4      | Noticed a steam dragon
  2416 | D:4      | Slain by a steam dragon

Illustrated notes

Levels and vault maps discovered:
D:1:      minmay_arrival_five_plusses, layout_loops_cross
D:2:      layout_basic, serial_shops, nicolae_shop_hallway_stairs
D:3:      layout_basic, zin_treasury, nicolae_ecumenical_lake_church,
          uniq_sigmund, uniq_ijyb
D:4:      layout_loops_ring, uniq_robin

Skill      XL: |  1  2  3  4  5  6 |
---------------+-------------------+-----
Ranged Weapons | 5 6 8 9 |  9.1
Fighting       | |  2.4
Dodging        | |  2.2
Stealth        | |  0.7

Action                   |  1- 3 |  4- 6 || total
-------------------------+-------+-------++-------
Melee: Unarmed           |       |     1 ||     1
 Fire: Shortbow          |   117 |    85 ||   202
Armor: Leather armour    |    27 |    14 ||    41
       Skin              |       |     1 ||     1
Dodge: Dodged            |    45 |    34 ||    79

Table legend: (Time is in decaauts)
 A = Elapsed time spent in this place.
 B = Non-inter-level travel time spent in this place.
 C = Inter-level travel time spent in this place.
 D = Time resting spent in this place.
 E = Time spent auto-exploring this place.
 F = Levels seen in this place.
 G = Mean time per level.
                   A        B        C        D        E       F      G
               +--------+--------+--------+--------+--------+-----+--------+
         Total |   2458 |   2399 |     59 |      2 |   2025 |   4 |  614.5 |
       Dungeon |   2458 |   2399 |     59 |      2 |   2025 |   4 |  614.5 |
               +--------+--------+--------+--------+--------+-----+--------+

Top non-repeatable levels by time:
     D:2: 850 daAuts
     D:3: 803 daAuts
     D:1: 603 daAuts
     D:4: 200 daAuts
